 Dungeon Crawl Stone Soup version 0.24-a0-70-gf44d0c5 (console) character file.

Game seed: 6755489502202896915

145 Duffy the Shield-Bearer (level 5, 41/41 HPs)
             Began as a Formicid Fighter on Feb 6, 2019.
             Quit the game on level 2 of the Dungeon.
             The game lasted 00:01:52 (1387 turns).

Duffy the Shield-Bearer (Formicid Fighter)          Turns: 1387, Time: 00:01:52

Health: 41/41      AC: 11    Str: 22    XL:     5   Next: 53%
Magic:  5/5        EV:  5    Int:  7    God:
Gold:   76         SH: 10    Dex: 10    Spells: 4/4 levels left

rFire    . . .     SeeInvis +   a - +0 war axe
rCold    + . .     Gourm    .   c - +0 shield
rNeg     . . .     Faith    .   i - +0 plate armour
rPois    .         Spirit   .   (helmet unavailable)
rElec    .         Reflect  .   (no cloak)
rCorr    .         Harm     .   (no gloves)
MR       .....                  (no boots)
Stlth    ..........             (no amulet)
HPRegen  0.13/turn              k - ring of protection from cold (curse)
MPRegen  0.09/turn              (no ring)

@: no status effects
A: permanent stasis, dig shafts and tunnels, four strong arms, antennae 3,
blurry vision 1, mutation resistance 1
a: Dig, Shaft Self


You were on level 2 of the Dungeon.
You were not hungry.

You visited 1 branch of the dungeon, and saw 2 of its levels.

You collected 76 gold pieces.

Inventory:

Hand Weapons
 a - a +0 war axe (weapon)
Armour
 c - a +0 shield (worn)
 i - a +0 plate armour (worn)
Jewellery
 k - a cursed ring of protection from cold (left hand)
Scrolls
 e - 2 scrolls of magic mapping {unknown}
 h - a scroll of teleportation {unknown}
Potions
 b - 3 potions of curing
 d - 2 potions of might
Comestibles
 f - 3 rations


   Skills:
 - Level 3.2 Fighting
 + Level 3.5 Axes
 + Level 4.3 Armour
 + Level 5.0 Shields


You had 4 spell levels left.
You didn't know any spells.
Your spell library was empty.

Dungeon Overview and Level Annotations

Branches:
Dungeon (2/15)

Altars:
Qazlal


Innate Abilities, Weirdness & Mutations

You cannot be hasted, slowed, berserked, paralysed or teleported.
You can dig through walls and to a lower floor.
Your four strong arms can wield two-handed weapons with a shield.
You have a pair of large antennae on your head. (SInv)
Scrolls take you a little longer to read.
You are somewhat resistant to further mutation.


Message History

You hit the goblin.
You kill the goblin!
The jackal completely misses you.
The jackal bites you but does no damage.
You closely miss the jackal.
The jackal is severely wounded.
The jackal completely misses you.
The jackal bites you but does no damage.
You hit the jackal.
You kill the jackal!
No target in view!
No target in view!
You see here a jackal corpse.
You now have 76 gold pieces (gained 11).
You see here a +0 dagger.
It was a potion of mutation.
You feel extremely strange.
Your vision blurs.
You feel genetically stable.
Are you sure you want to abandon this character and quit the game? (Confirm with "yes".)
Okay, then.
Are you sure you want to abandon this character and quit the game? (Confirm with "yes".)

########...#
###########...##
...............#######
....)....%...........
#.....%~~.....#####
#.....~~0...~..#
#......~~~~....#
#....#~##~#~...##
#....#~0~~'@....#
#...~00_00~.....#
#.0~~00.>~00....#
##..~#0~~~#~~...#
#..~##.0#~0....#
#...~...~~0....#
##.......~.~....#
#............~..#
#...............


There were no monsters in sight!

Vanquished Creatures
  A bullfrog (D:2)
  Natasha (D:2)
  An adder (D:2)
  2 oozes (D:1)
  2 worms (D:2)
  A dart slug (D:1)
  2 leopard geckos (D:1)
  2 giant cockroaches (D:1)
  3 hobgoblins (D:2)
  5 jackals (D:2)
  A bat (D:1)
  2 frilled lizards
  4 goblins
  4 kobolds
  3 rats (D:1)
34 creatures vanquished.

Notes
Turn   | Place    | Note
-------+----------+-------------------------------------------
     0 | D:1      | Duffy the Formicid Fighter began the quest for the Orb.
     0 | D:1      | Reached XP level 1. HP: 18/18 MP: 1/1
   210 | D:1      | Reached XP level 2. HP: 24/24 MP: 2/2
   377 | D:1      | Reached skill level 4 in Shields
   527 | D:1      | Reached XP level 3. HP: 29/29 MP: 3/3
   927 | D:2      | Noticed Natasha
   927 | D:2      | Noticed a bullfrog
   941 | D:2      | Killed Natasha
   941 | D:2      | Reached XP level 4. HP: 32/35 MP: 4/4
   974 | D:2      | HP: 1/35 [bullfrog (2)]
   975 | D:2      | Killed a bullfrog
   975 | D:2      | Reached skill level 5 in Shields
   975 | D:2      | Reached XP level 5. HP: 1/41 MP: 5/5
  1305 | D:2      | Found a stormy altar of Qazlal.
  1386 | D:2      | Gained mutation: Scrolls take you a little longer to read.
                  | [potion of mutation]
  1386 | D:2      | Gained mutation: You are somewhat resistant to further
                  | mutation. [potion of mutation]
  1387 | D:2      | Quit the game

Vault maps used:
D:1:      lightli_iron_boxes, layout_basic, minmay_tetromino_l2
D:2:      layout_basic, nicolae_qazlal_general_emergency, first_ration,
          uniq_sigmund, uniq_natasha, uniq_jessica, uniq_robin

Skill      XL: |  1  2  3  4 |
---------------+-------------+-----
Shields        | 4 5 |  5.0
Axes           | 3 |  3.5
Armour         | 4 |  4.3
Fighting       | |  3.2

Action                   |  1- 3 |  4- 6 || total
-------------------------+-------+-------++-------
Melee: War axe           |    94 |    61 ||   155
 Abil: Dig               |     1 |     1 ||     2
  Use: Potion            |       |     1 ||     1
  Eat: Chunk             |       |     2 ||     2
Armor: Scale mail        |    27 |       ||    27
       Plate armour      |    30 |    39 ||    69
Dodge: Dodged            |    31 |    19 ||    50
Block: Shield            |    46 |    39 ||    85

Table legend:
 A = Non-vault XP
 B = Vault XP
 C = Vault XP percentage of total XP
 D = Non-vault monster count
 E = Vault monster count
 F = Vault count percentage of total count
                 A         B        C        D         E       F
            +---------+---------+-------+---------+---------+-------
      Total |     164 |      44 |  21.2 |      31 |       3 |   8.8
            +---------+---------+-------+---------+---------+-------
        D:1 |      32 |       9 |  22.0 |      15 |       2 |  11.8
        D:2 |     132 |      35 |  21.0 |      16 |       1 |   5.9
            +---------+---------+-------+---------+---------+-------
